 Dungeon Crawl Stone Soup version 0.21.1-77-g46dbe93 (webtiles) character file.

169 Fang the Skirmisher (level 5, -2/34 HPs)
             Began as a Gargoyle Berserker on Aug 3, 2018.
             Was a Believer of Trog.
             Slain by a river rat (3 damage)
             ... on level 3 of the Dungeon on Sept 6, 2018.
             The game lasted 00:02:27 (2298 turns).

Fang the Skirmisher (Gargoyle Berserker)            Turns: 2298, Time: 00:02:28

Health: -2/34      AC:  6    Str: 22    XL:     5   Next: 50%
Magic:  5/5        EV: 12    Int:  7    God:    Trog [**....]
Gold:   125        SH:  0    Dex:  9    Spells: 4/4 levels left

rFire    . . .     SeeInvis .   a - +0 hand axe
rCold    . . .     Gourm    .   (no shield)
rNeg     + . .     Faith    .   b - +0 animal skin
rPois    ∞         Spirit   .   (no helmet)
rElec    +         Reflect  .   (no cloak)
rCorr    .         Harm     .   (no gloves)
MR       .....                  (no boots)
Stlth    +.........             (no amulet)
HPRegen  0.11/turn              (no ring)
MPRegen  0.09/turn              (no ring)

@: very slow
A: negative energy resistance 1, electricity resistance, unbreathing,
petrification resistance, rot immunity, AC +4
a: Berserk, Trog's Hand, Burn Spellbooks, Renounce Religion


You were on level 3 of the Dungeon.
You worshipped Trog.
Trog was pleased with you.
You were hungry.

You visited 1 branch of the dungeon, and saw 3 of its levels.

You collected 125 gold pieces.

Inventory:

Hand Weapons
 a - a +0 hand axe (weapon)
Armour
 b - a +0 animal skin (worn)
Jewellery
 q - a cursed -3 ring of protection {unknown}
Scrolls
 f - 3 scrolls of teleportation {unknown}
 g - a scroll of remove curse {unknown}
 h - 2 scrolls of identify {unknown}
 k - a scroll of enchant weapon {unknown}
 l - a scroll of fear {unknown}
 r - a scroll of noise {unknown}
Potions
 d - 2 potions of might {unknown}
 e - 2 potions of brilliance {unknown}
 i - a potion of resistance {unknown}
 j - a potion of curing {unknown}
 m - 2 potions of mutation {unknown}
 n - 2 potions of flight {unknown}
 p - a potion of berserk rage {unknown}
Comestibles
 c - 5 rations


   Skills:
 + Level 4.4 Fighting
 + Level 4.2 Axes
 + Level 2.3 Armour
 + Level 2.5 Dodging
 + Level 0.4 Stealth


You had 4 spell levels left.
You didn't know any spells.

Dungeon Overview and Level Annotations

Branches:
Dungeon (3/15)

Altars:
Ashenzari


Innate Abilities, Weirdness & Mutations

You are resistant to torment.
Your stone body is resilient. (AC +4)
You are immune to poison.
You resist negative energy. (rN+)
You are resistant to electric shocks. (rElec)
You can survive without breathing.
You are immune to petrification.
You are immune to rotting.


Message History

* * * LOW HITPOINT WARNING * * *
The river rat bites you but does no damage.
Your unstable footing causes you to fumble your attack.
The river rat bites you but does no damage.
You hit the river rat.
The river rat is severely wounded.
The river rat bites you but does no damage.
Your unstable footing causes you to fumble your attack.
The river rat bites you.
* * * LOW HITPOINT WARNING * * *
You hit the river rat but do no damage.
The river rat is heavily wounded.
The river rat bites you.
* * * LOW HITPOINT WARNING * * *
You hit the river rat.
The river rat is severely wounded.
The river rat bites you but does no damage.
Your unstable footing causes you to fumble your attack.
The river rat bites you.
You die...

## ##### ..... ≈
#≈÷≈#....# ##
#≈#÷#≈#≈...#
≈≈≈≈#≈#≈#≈#≈...#
#≈≈≈≈≈#≈≈≈≈..#
########≈#≈#≈...#
#≈≈≈≈≈≈÷≈#≈≈≈...#
##≈#######≈#....###
#@r≈≈≈≈≈#≈≈≈...##.
#########≈≈.......
##..#...#.
#..#..(#. #........
##...#..< #>..+...
#####... #...


You could see a river rat.

Vanquished Creatures
  Crazy Yiuf (D:2)
  Jessica (D:2)
  5 adders
  2 river rats (D:3)
  A worm (D:2)
  3 leopard geckos
  6 bats
  5 giant cockroaches
  3 goblins
  3 hobgoblins (D:1)
  5 jackals (D:3)
  6 frilled lizards
  3 kobolds
  5 rats
49 creatures vanquished.

Notes
Turn   | Place    | Note
-------+----------+-------------------------------------------
     0 | D:1      | Fang the Gargoyle Berserker began the quest for the Orb.
     0 | D:1      | Reached XP level 1. HP: 14/14 MP: 1/1
    92 | D:1      | Reached XP level 2. HP: 18/19 MP: 2/2
   653 | D:2      | Found a runed door.
   677 | D:2      | Reached XP level 3. HP: 24/24 MP: 3/3
   813 | D:2      | Reached ** piety under Trog
   931 | D:2      | Found a shattered altar of Ashenzari.
  1077 | D:2      | Noticed Jessica
  1083 | D:2      | Killed Jessica
  1083 | D:2      | Reached XP level 4. HP: 28/29 MP: 4/4
  1741 | D:2      | Noticed Crazy Yiuf
  1748 | D:2      | Killed Crazy Yiuf
  1902 | D:3      | Reached XP level 5. HP: 31/33 MP: 5/5
  2230 | D:3      | Upgraded the game from 0.21.1-72-gffa868e to 0.21.1-77-g46dbe93
  2296 | D:3      | HP: 1/34 [river rat (4)]
  2298 | D:3      | Slain by a river rat

Skill      XL: |  1  2  3  4 |
---------------+-------------+-----
Axes           | 3 4 |  4.2
Fighting       | 4 |  4.4
Dodging        | 2 |  2.5
Armour         | |  2.3
Stealth        | |  0.4

Action                   |  1- 3 |  4- 6 || total
-------------------------+-------+-------++-------
Melee: Hand axe          |   118 |    83 ||   201
Invok: Berserk           |       |     2 ||     2
  Eat: Chunk             |       |     6 ||     6
Armor: Animal skin       |    43 |    40 ||    83
Dodge: Dodged            |    92 |    60 ||   152
